 Dungeon Crawl Stone Soup version 0.27-a0-1591-gc56fcc985a (webtiles) character file.

Game seed: 5309992790326593043

316 tilp the Caller (level 6, -2/48 HPs)
             Began as a Barachi Summoner on July 19, 2021.
             Killed from afar by an orc wizard (3 damage)
             ... with a magic dart
             ... on level 4 of the Dungeon.
             The game lasted 00:05:41 (4399 turns).

tilp the Caller (Barachi Summoner)                  Turns: 4399, Time: 00:05:42

Health: -2/48      AC:  8    Str: 11    XL:     6   Next: 44%
Magic:  0/10       EV: 11    Int: 15    God:
Gold:   64         SH:  0    Dex: 13    Spells: 2/11 levels left

rFire    . . .     SeeInvis .   a - +0 long sword
rCold    . . .     Faith    .   (no shield)
rNeg     . . .     Spirit   .   q - +0 ring mail
rPois    .         Reflect  .   m - +1 helmet
rElec    .         Harm     .   k - scarf {repulsion}
rCorr    +         Rampage  .   (no gloves)
Will     .....                  i - +0 pair of boots
Stlth    ++........             (no amulet)
HPRegen  0.16/turn              l - ring of resist corrosion
MPRegen  0.12/turn              (no ring)

@: unable to hop, repel missiles, slow
A: amphibious, slowness 1, strong legs 1, +LOS
a: Hop


You were on level 4 of the Dungeon.
You visited 1 branch of the dungeon, and saw 4 of its levels.

You collected 64 gold pieces.

Inventory:

Hand Weapons
 a - a +0 long sword (weapon)
 b - a +0 short sword
 g - a +0 spear
Missiles
 f - a throwing net {!f}
 n - 15 poisoned darts (quivered)
Armour
 i - a +0 pair of boots (worn)
 k - a scarf of repulsion (worn)
 m - a +1 helmet (worn)
 q - a +0 ring mail (worn)
Jewellery
 l - a ring of resist corrosion (left hand)
Wands
 p - a wand of acid (5)
Scrolls
 c - a scroll of identify
 d - 2 scrolls of amnesia
 j - 2 scrolls of teleportation
Potions
 h - a potion of haste


   Skills:
 + Level 3.8 Fighting
 + Level 3.7 Dodging
 + Level 3.2 Stealth
 - Level 3.0 Spellcasting
 - Level 6.0 Summonings


You had 2 spell levels left.
You knew the following spells:

 Your Spells              Type           Power      Damage    Failure   Level
a - Summon Small Mammal   Summ           80%        N/A       4%          1
b - Call Imp              Summ           20%        N/A       6%          2
c - Call Canine Familiar  Summ           20%        N/A       12%         3
d - Summon Guardian Gole  Hex/Summ       11%        N/A       38%         3

Your spell library contained the following spells:

 Spells                   Type           Power      Damage    Failure   Level
 Summon Lightning Spire   Summ/Air       11%        N/A       80%         4


Dungeon Overview and Level Annotations

Branches:
Dungeon (4/15)
 Temple: D:4-7

Altars:
Makhleb
Xom


Innate Abilities, Weirdness & Mutations

You are amphibious.
You cover ground slowly.
You can hop short distances.
You have an extended range of vision and can be seen from far away.


Message History

Your hound bites the orc wizard but does no damage.
The orc wizard misses your hound.
Your hound barely misses the orc wizard.
Your hound closely misses the orc wizard.
The orc wizard hits your hound with a +0 antimagic dagger.
Your hound bites the orc wizard.
The orc wizard mumbles some strange words.
The orc wizard flickers and vanishes!
Deactivating autopickup; reactivate with Ctrl-A.
There is a stone staircase leading down here.
Casting: Call Canine Familiar (dangerous; 12% risk of failure)
Confirm with . or Enter, or press ? or * to list all spells.
Your hound misses something.
A puff of flame appears from out of thin air!
The puff of flame hits your hound! What are your orders? t - Croak!
Orders for allies: a - Attack new target. r - Retreat! s - Stop attacking. g - Guard the area. f - Follow me.
Anything else - Cancel.
Gang up on whom?
Press: ? - help, Dir - move target, f - you
Okay, then.
Your hound closely misses something. x2; Something hits your hound.
Your hound dies!
Your hound's corpse disappears in a puff of smoke!
You hear some strange, mumbled words.
A puff of flame appears from out of thin air!
The puff of flame hits you!
* * * LOW HITPOINT WARNING * * *
You closely miss something. Something hits you.
* * * LOW HITPOINT WARNING * * *
You feel your power leaking away.
Unknown command.
You barely miss something. Something hits you but does no damage.
You hear some strange, mumbled words.
A magic dart appears from out of thin air!
The magic dart hits you.
You die...

#..###.....###
##.....######. ...#
###..## ####..## ## ..#
##.#########......## # .#
#.................## # .
##..................## #
#...#####.......###..####
#.### ##.>......# ##.....
..####...###...####.##
##....
#............r@####..#
#...#
#.............{###...#
##..#
..###..#...#..[....#..#
#..# ##..#...#.....##..#
##.# #..##.......####.#
..# ##. ##.....## .. ...
#. ##....# ... ##. #.
#..... ...# #....... ..#


You could see a friendly rat (summoned).

Vanquished Creatures
  A phantom (D:3)
  A scorpion (D:4)
  An orc priest (D:4)
  A jelly (D:3)
  2 gnolls (D:2)
  An adder (D:3)
  A dart slug (D:2)
  4 orcs
  5 ball pythons
  3 bats
  3 endoplasms
  3 giant cockroaches
  7 goblins (D:2)
  4 hobgoblins
  4 kobolds
  2 quokkas
  A frilled lizard (D:3)
  3 rats
47 creatures vanquished.

Vanquished Creatures (collateral kills)
  A jelly (D:4)
  2 iguanas
  Robin (D:2)
  3 adders
  A gnoll (D:2)
  A dart slug (D:1)
  5 orcs
  4 endoplasms
  4 goblins
  A hobgoblin (D:1)
  4 jackals (D:4)
  A kobold (D:1)
  4 bats
  A rat (D:1)
33 creatures vanquished.

Vanquished Creatures (others)
  8 plants (D:3)
8 creatures vanquished.

Grand Total: 88 creatures vanquished

Notes
Turn   | Place    | Note
-------+----------+-------------------------------------------
     0 | D:1      | tilp the Barachi Summoner began the quest for the Orb.
     0 | D:1      | Reached XP level 1. HP: 13/13 MP: 3/3
   260 | D:1      | Reached skill level 1 in Fighting
   532 | D:1      | Reached XP level 2. HP: 20/22 MP: 0/5
   535 | D:1      | Learned a level 2 spell: Call Imp
   997 | D:1      | Reached skill level 5 in Summonings
  1527 | D:1      | Found a faded altar of an unknown god.
  1728 | D:2      | Reached XP level 3. HP: 17/27 MP: 0/6
  1733 | D:2      | Learned a level 3 spell: Call Canine Familiar
  2145 | D:2      | Reached XP level 4. HP: 25/33 MP: 3/8
  2262 | D:2      | Found a shimmering altar of Xom.
  2621 | D:2      | Noticed Robin
  2635 | D:2      | Killed Robin
  2636 | D:2      | Reached skill level 6 in Summonings
  3155 | D:3      | Reached XP level 5. HP: 38/39 MP: 4/9
  3506 | D:3      | Found a burning altar of Makhleb.
  3506 | D:3      | Noticed an Executioner
  3620 | D:3      | Noticed a phantom
  3634 | D:3      | Killed a phantom
  3932 | D:3      | Learned a level 3 spell: Summon Guardian Golem
  4180 | D:4      | Noticed a necrophage
  4231 | D:4      | Reached XP level 6. HP: 34/47 MP: 1/10
  4398 | D:4      | HP: 1/48 [something (4)]
  4399 | D:4      | Killed from afar by an orc wizard

Illustrated notes

Levels and vault maps discovered:
D:1:      scummos_arrival_simple_fountains, layout_basic,
          chequers_ecumenical_altar_simple_redux
D:2:      layout_basic, basic_altar, minmay_pentomino_v2, uniq_robin
D:3:      layout_basic, makhleb_altar_promises_db, serial_aquarium,
          aquarium_bridge_island_small [aquarium_subvault_small_open,
          aquarium_subvault_bridge, aquarium_subvault_bridge,
          aquarium_subvault_wall, aquarium_subvault_bridge], aquarium_window_1,
          aquarium_window_1, aquarium_window_fake, aquarium_view_2b,
          aquarium_view_2b, aquarium_balcony_3b, aquarium_pool_1,
          guppyfry_early_lair_pool
D:4:      layout_layer_cave, yredelemnul_forgotten_temple_becter,
          pdpol_wu_jian_five_deadly_venoms, serial_rivers,
          chequers_serial_rivers_micro_b, chequers_serial_rivers_room_b,
          chequers_serial_rivers_micro_e, chequers_serial_rivers_micro_b

Skill      XL: |  1  2  3  4  5 |
---------------+----------------+-----
Fighting       | 1 2 3 |  3.8
Summonings     | 5 6 |  6.0
Spellcasting   | 3 |  3.0
Stealth        | 2 3 |  3.2
Dodging        | 3 |  3.7

Action                   |  1- 3 |  4- 6 || total
-------------------------+-------+-------++-------
Melee: Short sword       |    48 |       ||    48
       Unarmed           |     1 |       ||     1
       Long sword        |    21 |    70 ||    91
 Cast: Summon Small Mamm |    13 |     1 ||    14
       Call Imp          |    24 |    21 ||    45
       Call Canine Famil |       |     9 ||     9
 Abil: Hop               |       |     1 ||     1
  Use: Scroll            |     1 |     4 ||     5
       Potion            |       |     1 ||     1
 Stab: Sleeping          |       |     2 ||     2
       Distracted        |       |     1 ||     1
Armor: Robe              |     9 |    24 ||    33
       Ring mail         |       |    22 ||    22
Dodge: Dodged            |    76 |    40 ||   116
       Rpst.: Long sword |     9 |    16 ||    25

Table legend: (Time is in decaauts)
 A = Elapsed time spent in this place.
 B = Non-inter-level travel time spent in this place.
 C = Inter-level travel time spent in this place.
 D = Time resting spent in this place.
 E = Time spent auto-exploring this place.
 F = Levels seen in this place.
 G = Mean time per level.
                   A        B        C        D        E       F      G
               +--------+--------+--------+--------+--------+-----+--------+
         Total |   4845 |   4640 |    205 |    914 |   3089 |   4 | 1211.2 |
       Dungeon |   4845 |   4640 |    205 |    914 |   3089 |   4 | 1211.2 |
               +--------+--------+--------+--------+--------+-----+--------+

Top non-repeatable levels by time:
     D:1: 1702 daAuts
     D:2: 1509 daAuts
     D:3: 1120 daAuts
     D:4: 514 daAuts
